Stars vs Golden Knights
(R1)
Created - May 25, 2021 at 19:16
Goals
|
| Stars |
0 |
1 |
1 |
1 |
3 |
| Golden Knights |
0 |
0 |
2 |
0 |
2 |
|
Shots
|
| Stars |
10 |
14 |
4 |
4 |
32 |
| Golden Knights |
10 |
11 |
7 |
0 |
28 |
|
1st period
No Goal
Penalties :
Wayne Simmonds (Vgs) for Interference (Minor) at 6:15, Boris Valabik (Dal) for Interference (Minor) at 13:52
2nd period
1. Stars , Michael Grabner 5 (Boris Valabik 1, John Tavares 10) at 12:39
Penalties :
Matt Stajan (Vgs) for Charging (Minor) at 3:21, Jussi Jokinen (Dal) for Hooking (Minor) at 6:12, Michael Grabner (Dal) for Hooking (Minor) at 9:38, Wayne Simmonds (Vgs) for High sticking (Minor) at 14:21, Guillaume Latendresse (Dal) for Hooking (Minor) at 14:25, Thomas Vanek (Vgs) for Holding (Minor) at 17:13
3rd period
2. Stars , John Tavares 5 (Guillaume Latendresse 8) at 1:27 (PP)
3. Golden Knights , Ilya Kovalchuk 6 (Michael Frolik 18) at 12:30
4. Golden Knights , Michael Frolik 7 (Matt Stajan 5, Vladimir Mihalik 1) at 13:39 (PP)
Penalties :
Vladimir Zharkov (Vgs) for Roughing (Minor) at 1:22, Zach Bogosian (Vgs) for Roughing (Minor) at 2:37, Nathan Horton (Vgs) for Hooking (Minor) at 8:25, Matt Stajan (Vgs) for Interference (Minor) at 11:23, Jared Cowen (Vgs) for Holding Stick (Minor) at 11:28, Antoine Vermette (Dal) for Holding (Minor) at 12:01, Brian Lee (Dal) for Tripping (Minor) at 12:13
Overtime #1
5. Stars , Guillaume Latendresse 7 (John Tavares 11) at 4:26 (PP)
Penalties :
Matt Stajan (Vgs) for Tripping (Minor) at 4:21
Goalie Stats
Matt Murray (Dal), 26 saves from 28 shots - (0.929), W, 3-1-0, 64:26 minutes
Matt Hackett (Vgs), 29 saves from 32 shots - (0.906), OTL, 2-0-1, 64:26 minutes
Players Stats for Stars
Player Name G A P +/- PIM S H SB GA TA FO MP PP MP PK MP
------------------------------------------------------------------------------------
Alex Chiasson 0 0 0 0 0 2 4 0 1 0 0/1 16:59 4:37 0:00
Alexander Frolov 0 0 0 0 0 1 0 0 0 0 0/0 12:22 0:00 0:34
Antoine Vermette 0 0 0 0 2 2 0 0 0 0 2/5 14:35 4:36 0:17
B.J. Crombeen 0 0 0 0 0 3 1 1 0 0 0/0 9:50 0:00 0:00
Boris Valabik 0 1 1 1 2 3 2 0 2 0 0/0 22:18 4:49 1:55
Brian Lee 0 0 0 0 2 0 3 2 1 2 0/0 27:56 5:57 3:21
Cam Atkinson 0 0 0 0 0 0 1 1 0 0 0/0 8:10 0:00 0:00
Cory Emmerton 0 0 0 0 0 2 3 0 0 0 6/11 13:45 0:00 0:03
Evgeny Grachev 0 0 0 0 0 0 0 0 0 0 3/3 10:42 0:00 1:15
Guillaume Latendresse 1 1 2 0 2 7 0 1 0 0 1/2 23:51 6:08 4:22
Ian White 0 0 0 -1 0 2 2 3 1 2 0/0 30:30 5:57 4:11
John Tavares 1 2 3 0 0 3 1 0 1 0 19/40 25:10 6:09 4:25
Jussi Jokinen 0 0 0 0 2 4 2 0 0 0 0/0 19:04 4:37 1:26
Michael Grabner 1 0 1 1 2 1 0 0 1 1 0/0 20:01 6:09 1:20
Paul Ladue 0 0 0 0 0 0 2 1 0 0 0/0 13:28 0:00 1:18
Shane O'Brien 0 0 0 1 0 1 0 6 1 0 0/0 22:36 4:49 2:40
Ted Purcell 0 0 0 0 0 1 1 1 0 0 0/0 8:10 0:00 0:00
Tyson Barrie 0 0 0 -1 0 0 1 0 1 0 0/0 12:30 0:00 0:17
Players Stats for Golden Knights
Player Name G A P +/- PIM S H SB GA TA FO MP PP MP PK MP
------------------------------------------------------------------------------------
Andrei Loktionov 0 0 0 0 0 1 2 0 1 0 3/7 13:25 3:51 0:00
Chris Tierney 0 0 0 0 0 2 0 1 1 1 10/17 16:29 0:00 3:26
Ilya Kovalchuk 1 0 1 1 0 2 1 0 0 0 0/2 18:06 2:55 1:22
Jared Cowen 0 0 0 0 2 0 1 2 0 0 0/0 25:44 4:31 5:04
Mathew Dumba 0 0 0 0 0 2 2 1 0 2 0/0 20:05 0:00 5:47
Matt Stajan 0 1 1 0 6 3 3 1 0 0 5/8 17:20 2:51 2:40
Michael Frolik 1 1 2 1 0 5 2 0 1 3 9/22 24:53 4:07 6:29
Michael Kostka 0 0 0 1 0 3 0 1 0 0 0/0 23:23 2:15 5:11
Nathan Horton 0 0 0 -1 2 1 0 0 0 0 0/0 9:33 0:00 0:00
Patrice Cormier 0 0 0 -1 0 0 1 0 0 0 1/2 8:49 0:00 0:00
Sergei Plotnikov 0 0 0 0 0 0 2 0 0 0 0/1 16:19 0:00 5:44
Shawn Matthias 0 0 0 -1 0 0 0 1 1 0 0/0 8:49 0:00 0:00
Thomas Vanek 0 0 0 0 2 1 4 0 0 1 2/2 17:03 3:51 0:00
Vladimir Mihalik 0 1 1 0 0 0 0 0 0 0 0/0 15:00 0:12 0:00
Vladimir Zharkov 0 0 0 0 2 0 0 0 0 0 0/0 12:01 0:00 1:30
Wayne Simmonds 0 0 0 0 4 4 0 0 0 0 1/1 15:31 2:43 0:00
Wes O'Neill 0 0 0 0 0 2 1 1 0 2 0/0 23:39 2:03 5:08
Zach Bogosian 0 0 0 -1 2 2 0 0 1 0 0/0 21:04 4:31 0:45
3 Stars
1 - John Tavares (Dal)
2 - Michael Frolik (Vgs)
3 - Ilya Kovalchuk (Vgs)
Power Play
Stars - 2 on 10 Attempt(s) - 20.00%
Golden Knights - 1 on 6 Attempt(s) - 16.67%
Penalty Kill
Stars - 5 on 6 Attempt(s) - 83.33%
- Score 0 goal in Penalty Kill
Golden Knights - 8 on 10 Attempt(s) - 80.00%
- Score 0 goal in Penalty Kill
Team Stat
Stars - Hits : 23 - Faceoff Wins : 31 - Blocked Shots : 16 - Penalty Minutes : 12
Golden Knights - Hits : 19 - Faceoff Wins : 31 - Blocked Shots : 8 - Penalty Minutes : 20
Official
Referees : Unknown
Linesman : Unknown
Game Notes
No Game Note
Finance
Level 1 -- Attendance: 6000 (100.00%) -- Ticket Income $558,000
Level 2 -- Attendance: 5000 (100.00%) -- Ticket Income $295,000
Level 3 -- Attendance: 2000 (100.00%) -- Ticket Income $78,000
Level 4 -- Attendance: 4000 (100.00%) -- Ticket Income $108,000
Luxury Box -- Attendance: 1000 (100.00%) -- Ticket Income $160,000
Game was played at the Duff Garden.
Total Attendance: 18000 (100.00%)
Total Ticket Income: $1,199,000
Other Income: $179,850
Total Income: $1,378,850
Stars
5 vs 5 Forward
Center Left Wing Right Wing Time % Phy DF OF
1 John Tavares Guillaume Latendresse Michael Grabner 40 1 2 2
2 Cory Emmerton Jussi Jokinen Alex Chiasson 30 1 2 2
3 Antoine Vermette Alexander Frolov B.J. Crombeen 20 1 2 2
4 Evgeny Grachev Ted Purcell Cam Atkinson 10 1 2 2
5 vs 5 Defense
Defense Defense Time % Phy DF OF
1 Ian White Brian Lee 40 1 2 2
2 Shane O'Brien Boris Valabik 30 1 2 2
3 Tyson Barrie Paul Ladue 20 1 2 2
4 Ian White Brian Lee 10 1 2 2
PowerPlay Forward
Center Left Wing Right Wing Time % Phy DF OF
1 John Tavares Guillaume Latendresse Michael Grabner 60 0 1 4
2 Antoine Vermette Jussi Jokinen Alex Chiasson 40 0 1 4
PowerPlay Defense
Defense Defense Time % Phy DF OF
1 Ian White Brian Lee 60 0 1 4
2 Shane O'Brien Boris Valabik 40 0 1 4
Penalty Kill 4 Players Forward
Center Wing Time % Phy DF OF
1 John Tavares Guillaume Latendresse 60 0 3 2
2 Jussi Jokinen Michael Grabner 40 0 3 2
Penalty Kill 4 Players Defense
Defense Defense Time % Phy DF OF
1 Ian White Brian Lee 60 0 3 2
2 Shane O'Brien Boris Valabik 40 0 3 2
Penalty Kill - 3 Players Forward
Forward Time % Phy DF OF
1 John Tavares 60 0 3 2
2 Guillaume Latendresse 40 0 3 2
Penalty Kill - 3 Players Defense
Defense Defense Time % Phy DF OF
1 Ian White Brian Lee 60 0 3 2
2 Shane O'Brien Boris Valabik 40 0 3 2
4 vs 4 Forward
Center Wing Time % Phy DF OF
1 John Tavares Guillaume Latendresse 60 0 2 3
2 Jussi Jokinen Michael Grabner 40 0 2 3
4 vs 4 Defense
Defense Defense Time % Phy DF OF
1 Ian White Brian Lee 60 0 2 3
2 Shane O'Brien Boris Valabik 40 0 2 3
Last Minutes Offensive
Center Left Wing Right Wing Defense Defense
John Tavares Guillaume Latendresse Michael Grabner Ian White Brian Lee
Last Minutes Defensive
Center Left Wing Right Wing Defense Defense
John Tavares Guillaume Latendresse Michael Grabner Ian White Brian Lee
Goaltenders
Starting : Matt Murray
Backup : Cory Schneider
Extra Forwards
Normal : Alexander Frolov, Cory Emmerton, Evgeny Grachev - PP : Alexander Frolov, Cory Emmerton - PK : Evgeny Grachev
Extra Defensemen
Normal : Tyson Barrie, Paul Ladue, Shane O'Brien - PP : Tyson Barrie - PK : Paul Ladue, Shane O'Brien
Penalty Shots
John Tavares, Guillaume Latendresse, Jussi Jokinen, Michael Grabner, Antoine Vermette
Scratches
Andrej Sustr (Healthy), Damien Brunner (Healthy)
Golden Knights
5 vs 5 Forward
Center Left Wing Right Wing Time % Phy DF OF
1 Matt Stajan Ilya Kovalchuk Michael Frolik 30 1 2 2
2 Chris Tierney Thomas Vanek Wayne Simmonds 30 1 2 2
3 Andrei Loktionov Sergei Plotnikov Vladimir Zharkov 23 1 2 2
4 Patrice Cormier Shawn Matthias Nathan Horton 17 1 2 2
5 vs 5 Defense
Defense Defense Time % Phy DF OF
1 Wes O'Neill Jared Cowen 35 1 2 2
2 Zach Bogosian Vladimir Mihalik 33 1 2 2
3 Michael Kostka Mathew Dumba 32 1 2 2
4 Zach Bogosian Jared Cowen 0 1 2 2
PowerPlay Forward
Center Left Wing Right Wing Time % Phy DF OF
1 Andrei Loktionov Thomas Vanek Michael Frolik 60 1 2 2
2 Matt Stajan Ilya Kovalchuk Wayne Simmonds 40 1 2 2
PowerPlay Defense
Defense Defense Time % Phy DF OF
1 Zach Bogosian Jared Cowen 60 1 2 2
2 Michael Kostka Wes O'Neill 40 1 2 2
Penalty Kill 4 Players Forward
Center Wing Time % Phy DF OF
1 Michael Frolik Sergei Plotnikov 60 1 2 2
2 Chris Tierney Matt Stajan 40 1 2 2
Penalty Kill 4 Players Defense
Defense Defense Time % Phy DF OF
1 Wes O'Neill Mathew Dumba 50 1 2 2
2 Michael Kostka Jared Cowen 50 1 2 2
Penalty Kill - 3 Players Forward
Forward Time % Phy DF OF
1 Michael Frolik 60 1 2 2
2 Ilya Kovalchuk 40 1 2 2
Penalty Kill - 3 Players Defense
Defense Defense Time % Phy DF OF
1 Zach Bogosian Jared Cowen 60 1 2 2
2 Mathew Dumba Vladimir Mihalik 40 1 2 2
4 vs 4 Forward
Center Wing Time % Phy DF OF
1 Michael Frolik Ilya Kovalchuk 60 1 2 2
2 Nathan Horton Matt Stajan 40 1 2 2
4 vs 4 Defense
Defense Defense Time % Phy DF OF
1 Zach Bogosian Jared Cowen 50 1 2 2
2 Michael Kostka Vladimir Mihalik 50 1 2 2
Last Minutes Offensive
Center Left Wing Right Wing Defense Defense
Andrei Loktionov Ilya Kovalchuk Vladimir Zharkov Zach Bogosian Jared Cowen
Last Minutes Defensive
Center Left Wing Right Wing Defense Defense
Matt Stajan Sergei Plotnikov Michael Frolik Zach Bogosian Jared Cowen
Goaltenders
Starting : Matt Hackett
Backup : Ondrej Pavelec
Extra Forwards
Normal : Nathan Horton, Thomas Vanek, Vladimir Zharkov - PP : Thomas Vanek, Patrice Cormier - PK : Vladimir Zharkov
Extra Defensemen
Normal : Wes O'Neill, Mathew Dumba, Michael Kostka - PP : Wes O'Neill - PK : Mathew Dumba, Michael Kostka
Penalty Shots
Michael Frolik, Ilya Kovalchuk, Andrei Loktionov, Matt Stajan, Thomas Vanek
Scratches
None
% Time on Ice - Stars
Lines # - Real PCT - Wanted PCT - Time Play
Normal Forward
1 - 30% - 40% - 13:10
2 - 28% - 30% - 12:23
3 - 23% - 20% - 9:50
4 - 19% - 10% - 8:10
Normal Defense
1 - 40% - 40% - 17:25
2 - 35% - 30% - 15:04
3 - 24% - 20% - 10:20
4 - 2% - 10% - 0:44
PP Forward
1 - 57% - 60% - 6:09
2 - 43% - 40% - 4:37
PP Defense
1 - 55% - 60% - 5:57
2 - 45% - 40% - 4:49
PK Forward
1 - 69% - 60% - 4:30
2 - 31% - 40% - 2:04
PK Defense
1 - 59% - 60% - 3:54
2 - 41% - 40% - 2:40
PK3 Forward
1 - 100% - 60% - 0:17
2 - 0% - 40% - 0:00
PK3 Defense
1 - 100% - 60% - 0:17
2 - 0% - 40% - 0:00
44 Forward
1 - 90% - 60% - 2:57
2 - 10% - 40% - 0:19
44 Defense
1 - 76% - 60% - 2:29
2 - 24% - 40% - 0:47
Last Minute Offensive - 0:00
Last Minute Defensive - 0:00
Total
Forward - 64:26
Defense - 64:26
|
% Time on Ice - Golden Knights
Lines # - Real PCT - Wanted PCT - Time Play
Normal Forward
1 - 28% - 30% - 12:10
2 - 29% - 30% - 12:25
3 - 23% - 23% - 10:09
4 - 20% - 17% - 8:49
Normal Defense
1 - 35% - 35% - 15:20
2 - 34% - 33% - 14:49
3 - 31% - 32% - 13:24
4 - 0% - 0% - 0:00
PP Forward
1 - 61% - 60% - 4:07
2 - 39% - 40% - 2:39
PP Defense
1 - 67% - 60% - 4:31
2 - 33% - 40% - 2:15
PK Forward
1 - 70% - 60% - 7:09
2 - 30% - 40% - 3:04
PK Defense
1 - 50% - 50% - 5:08
2 - 50% - 50% - 5:05
PK3 Forward
1 - 100% - 60% - 0:45
2 - 0% - 40% - 0:00
PK3 Defense
1 - 100% - 60% - 0:45
2 - 0% - 40% - 0:00
44 Forward
1 - 83% - 60% - 2:37
2 - 17% - 40% - 0:32
44 Defense
1 - 60% - 50% - 1:53
2 - 40% - 50% - 1:16
Last Minute Offensive - 0:00
Last Minute Defensive - 0:00
Total
Forward - 64:26
Defense - 64:26
|
Play-by-Play
1st period
0:01 of 1st period - Matt Stajan wins face-off versus John Tavares in neutral zone.
0:12 of 1st period - Snap shot by Michael Frolik.
0:12 of 1st period - Shot Blocked by Guillaume Latendresse.
0:26 of 1st period - Wayne Simmonds is hit by Cory Emmerton and loses puck.
1:14 of 1st period - Snap shot by Andrei Loktionov.
1:14 of 1st period - Shot Misses the Net.
1:51 of 1st period - Icing by Boris Valabik.
1:52 of 1st period - Cory Emmerton wins face-off versus Chris Tierney in Stars zone.
2:27 of 1st period - Wrist shot by Mathew Dumba.
2:27 of 1st period - Stopped by Matt Murray with a rebound.
3:03 of 1st period - Nathan Horton is hit by Alex Chiasson and loses puck.
3:28 of 1st period - Wrist shot by Thomas Vanek.
3:28 of 1st period - Shot Misses the Net.
3:30 of 1st period - Slapshot by Wes O'Neill.
3:30 of 1st period - Stopped by Matt Murray without a rebound.
3:31 of 1st period - Chris Tierney wins face-off versus Antoine Vermette in Stars zone.
4:51 of 1st period - Snap shot by John Tavares.
4:51 of 1st period - Shot Blocked by Shawn Matthias.
5:09 of 1st period - Snap shot by Alexander Frolov.
5:09 of 1st period - Stopped by Matt Hackett with a rebound.
5:30 of 1st period - Andrei Loktionov is hit by Cory Emmerton and loses puck.
5:35 of 1st period - Sergei Plotnikov is hit by Jussi Jokinen and loses puck.
5:56 of 1st period - Wrist shot by Ilya Kovalchuk.
5:56 of 1st period - Deflect By Matt Stajan.
5:56 of 1st period - Stopped by Matt Murray without a rebound.
5:57 of 1st period - Chris Tierney wins face-off versus John Tavares in Stars zone.
6:15 of 1st period - Minor Penalty to Wayne Simmonds for Interference.
6:16 of 1st period - John Tavares wins face-off versus Michael Frolik in Golden Knights zone.
6:21 of 1st period - Snap shot by Guillaume Latendresse.
6:21 of 1st period - Stopped by Matt Hackett without a rebound.
6:22 of 1st period - John Tavares wins face-off versus Michael Frolik in Golden Knights zone.
6:23 of 1st period - Snap shot by Guillaume Latendresse.
6:23 of 1st period - Stopped by Matt Hackett with a rebound.
6:35 of 1st period - Backhand shot by Guillaume Latendresse.
6:35 of 1st period - Shot Misses the Net.
7:07 of 1st period - Snap shot by John Tavares.
7:07 of 1st period - Stopped by Matt Hackett with a rebound.
7:09 of 1st period - Wrist shot by John Tavares.
7:09 of 1st period - Deflect By Guillaume Latendresse.
7:09 of 1st period - Shot Blocked by Wes O'Neill.
7:09 of 1st period - Puck is out of play.
7:10 of 1st period - Antoine Vermette wins face-off versus Michael Frolik in Golden Knights zone.
7:15 of 1st period - Wrist shot by Antoine Vermette.
7:15 of 1st period - Shot Misses the Net.
7:17 of 1st period - Backhand shot by Boris Valabik.
7:17 of 1st period - Stopped by Matt Hackett without a rebound.
7:18 of 1st period - Michael Frolik wins face-off versus Antoine Vermette in Golden Knights zone.
7:27 of 1st period - Snap shot by Antoine Vermette.
7:27 of 1st period - Shot Misses the Net.
7:45 of 1st period - Wrist shot by Alex Chiasson.
7:45 of 1st period - Shot Misses the Net.
7:47 of 1st period - Slapshot by Shane O'Brien.
7:47 of 1st period - Shot Blocked by Matt Stajan.
7:51 of 1st period - Wrist shot by Jussi Jokinen.
7:51 of 1st period - Stopped by Matt Hackett with a rebound.
8:11 of 1st period - Wrist shot by Antoine Vermette.
8:11 of 1st period - Stopped by Matt Hackett without a rebound.
8:12 of 1st period - John Tavares wins face-off versus Michael Frolik in Golden Knights zone.
8:15 of 1st period - Penalty to Wayne Simmonds is over, Wayne Simmonds is back on ice.
8:25 of 1st period - Wrist shot by Guillaume Latendresse.
8:25 of 1st period - Stopped by Matt Hackett with a rebound.
8:29 of 1st period - Snap shot by Guillaume Latendresse.
8:29 of 1st period - Shot Misses the Net.
8:41 of 1st period - Slapshot by Jared Cowen.
8:41 of 1st period - Shot Blocked by Cam Atkinson.
8:43 of 1st period - Slapshot by Michael Kostka.
8:43 of 1st period - Stopped by Matt Murray without a rebound.
8:44 of 1st period - Patrice Cormier wins face-off versus John Tavares in Stars zone.
9:09 of 1st period - Snap shot by Nathan Horton.
9:09 of 1st period - Deflect By Patrice Cormier.
9:09 of 1st period - Shot Blocked by Paul Ladue.
9:09 of 1st period - Puck is out of play.
9:10 of 1st period - Thomas Vanek wins face-off versus Cory Emmerton in Stars zone.
9:11 of 1st period - Slapshot by Wayne Simmonds.
9:11 of 1st period - Stopped by Matt Murray with a rebound.
10:01 of 1st period - Wrist shot by John Tavares.
10:01 of 1st period - Shot Misses the Net.
11:06 of 1st period - Antoine Vermette is hit by Mathew Dumba and loses puck.
11:23 of 1st period - Michael Grabner is hit by Michael Frolik and loses puck.
12:53 of 1st period - Tyson Barrie is hit by Thomas Vanek and loses puck.
13:00 of 1st period - Vladimir Mihalik is hit by John Tavares.
13:01 of 1st period - Icing by Vladimir Mihalik.
13:02 of 1st period - Chris Tierney wins face-off versus Alex Chiasson in Golden Knights zone.
13:04 of 1st period - Icing by Wayne Simmonds.
13:05 of 1st period - Chris Tierney wins face-off versus Cory Emmerton in Golden Knights zone.
13:36 of 1st period - Snap shot by Michael Frolik.
13:36 of 1st period - Shot Blocked by Shane O'Brien.
13:38 of 1st period - Wrist shot by Jared Cowen.
13:38 of 1st period - Shot Blocked by Shane O'Brien.
13:40 of 1st period - Snap shot by Matt Stajan.
13:40 of 1st period - Stopped by Matt Murray with a rebound.
13:52 of 1st period - Minor Penalty to Boris Valabik for Interference.
13:53 of 1st period - Andrei Loktionov wins face-off versus John Tavares in Stars zone.
14:00 of 1st period - Wrist shot by Michael Frolik.
14:00 of 1st period - Stopped by Matt Murray with a rebound.
14:04 of 1st period - Slapshot by Thomas Vanek.
14:04 of 1st period - Shot Misses the Net.
14:06 of 1st period - Wrist shot by Michael Frolik.
14:06 of 1st period - Stopped by Matt Murray without a rebound.
14:07 of 1st period - Andrei Loktionov wins face-off versus John Tavares in Stars zone.
14:14 of 1st period - Snap shot by Thomas Vanek.
14:14 of 1st period - Shot Misses the Net.
14:18 of 1st period - Snap shot by Andrei Loktionov.
14:18 of 1st period - Stopped by Matt Murray with a rebound.
14:58 of 1st period - Jussi Jokinen is hit by Thomas Vanek and loses puck.
15:45 of 1st period - John Tavares is hit by Michael Frolik and loses puck.
15:52 of 1st period - Penalty to Boris Valabik is over, Boris Valabik is back on ice.
15:56 of 1st period - Slapshot by Brian Lee.
15:56 of 1st period - Shot Blocked by Jared Cowen.
16:02 of 1st period - Boris Valabik is hit by Jared Cowen.
16:47 of 1st period - Snap shot by Alex Chiasson.
16:47 of 1st period - Shot Misses the Net.
17:06 of 1st period - Zach Bogosian is hit by Paul Ladue and loses puck.
17:17 of 1st period - Michael Frolik is hit by Ted Purcell and loses puck.
17:34 of 1st period - Guillaume Latendresse is hit by Andrei Loktionov and loses puck.
18:19 of 1st period - Wrist shot by Alexander Frolov.
18:19 of 1st period - Shot Misses the Net.
18:21 of 1st period - Snap shot by B.J. Crombeen.
18:21 of 1st period - Stopped by Matt Hackett with a rebound.
19:04 of 1st period - Snap shot by Patrice Cormier.
19:04 of 1st period - Deflect By Nathan Horton.
19:04 of 1st period - Stopped by Matt Murray without a rebound.
19:05 of 1st period - Evgeny Grachev wins face-off versus Ilya Kovalchuk in Stars zone.
19:05 of 1st period - Evgeny Grachev is hit by Matt Stajan.
19:33 of 1st period - Slapshot by John Tavares.
19:33 of 1st period - Stopped by Matt Hackett without a rebound.
19:34 of 1st period - Michael Frolik wins face-off versus Cory Emmerton in Golden Knights zone.
Goals for this period are 0 for Stars vs 0 for Golden Knights.
Shots for this period are 10 for Stars vs 10 for Golden Knights.
2nd period
0:01 of 2nd period - Chris Tierney wins face-off versus John Tavares in neutral zone.
0:39 of 2nd period - Slapshot by Jussi Jokinen.
0:39 of 2nd period - Shot Misses the Net.
0:41 of 2nd period - Slapshot by Ian White.
0:41 of 2nd period - Shot Misses the Net.
0:56 of 2nd period - Slapshot by Vladimir Zharkov.
0:56 of 2nd period - Shot Misses the Net.
0:58 of 2nd period - Backhand shot by Jared Cowen.
0:58 of 2nd period - Shot Misses the Net.
1:00 of 2nd period - Wrist shot by Vladimir Zharkov.
1:00 of 2nd period - Shot Blocked by Shane O'Brien.
1:02 of 2nd period - Snap shot by Sergei Plotnikov.
1:02 of 2nd period - Shot Blocked by B.J. Crombeen.
1:14 of 2nd period - Snap shot by Boris Valabik.
1:14 of 2nd period - Stopped by Matt Hackett with a rebound.
1:52 of 2nd period - Chris Tierney is hit by Cory Emmerton and loses puck.
1:57 of 2nd period - Snap shot by Alex Chiasson.
1:57 of 2nd period - Stopped by Matt Hackett without a rebound.
1:58 of 2nd period - Chris Tierney wins face-off versus Cory Emmerton in Golden Knights zone.
1:58 of 2nd period - Chris Tierney is hit by Alex Chiasson.
2:16 of 2nd period - Snap shot by Alex Chiasson.
2:16 of 2nd period - Shot Misses the Net.
2:18 of 2nd period - Snap shot by Alex Chiasson.
2:18 of 2nd period - Stopped by Matt Hackett without a rebound.
2:19 of 2nd period - Matt Stajan wins face-off versus John Tavares in Golden Knights zone.
3:08 of 2nd period - Snap shot by Andrei Loktionov.
3:08 of 2nd period - Shot Misses the Net.
3:10 of 2nd period - Slapshot by Michael Kostka.
3:10 of 2nd period - Stopped by Matt Murray without a rebound.
3:11 of 2nd period - Matt Stajan wins face-off versus Antoine Vermette in Stars zone.
3:21 of 2nd period - Minor Penalty to Matt Stajan for Charging.
3:22 of 2nd period - John Tavares wins face-off versus Michael Frolik in Golden Knights zone.
3:23 of 2nd period - Wrist shot by Guillaume Latendresse.
3:23 of 2nd period - Stopped by Matt Hackett without a rebound.
3:24 of 2nd period - Michael Frolik wins face-off versus John Tavares in Golden Knights zone.
3:33 of 2nd period - Snap shot by John Tavares.
3:33 of 2nd period - Deflect By Guillaume Latendresse.
3:33 of 2nd period - Stopped by Matt Hackett with a rebound.
3:35 of 2nd period - Wrist shot by Michael Grabner.
3:35 of 2nd period - Shot Misses the Net.
4:01 of 2nd period - Wrist shot by Jussi Jokinen.
4:01 of 2nd period - Shot Misses the Net.
5:21 of 2nd period - Penalty to Matt Stajan is over, Matt Stajan is back on ice.
5:47 of 2nd period - Slapshot by Mathew Dumba.
5:47 of 2nd period - Stopped by Matt Murray with a rebound.
5:59 of 2nd period - Jussi Jokinen is hit by Thomas Vanek and loses puck.
6:12 of 2nd period - Minor Penalty to Jussi Jokinen for Hooking.
6:13 of 2nd period - Thomas Vanek wins face-off versus John Tavares in Stars zone.
6:50 of 2nd period - Snap shot by Matt Stajan.
6:50 of 2nd period - Shot Blocked by Shane O'Brien.
6:52 of 2nd period - Snap shot by Matt Stajan.
6:52 of 2nd period - Stopped by Matt Murray without a rebound.
6:53 of 2nd period - Evgeny Grachev wins face-off versus Matt Stajan in Stars zone.
7:06 of 2nd period - Snap shot by Wayne Simmonds.
7:06 of 2nd period - Stopped by Matt Murray with a rebound.
8:12 of 2nd period - Penalty to Jussi Jokinen is over, Jussi Jokinen is back on ice.
9:11 of 2nd period - Wrist shot by Evgeny Grachev.
9:11 of 2nd period - Shot Blocked by Michael Kostka.
9:13 of 2nd period - Snap shot by Ted Purcell.
9:13 of 2nd period - Stopped by Matt Hackett without a rebound.
9:14 of 2nd period - Matt Stajan wins face-off versus Guillaume Latendresse in Golden Knights zone.
9:14 of 2nd period - Matt Stajan is hit by Boris Valabik.
9:20 of 2nd period - Snap shot by Ilya Kovalchuk.
9:20 of 2nd period - Stopped by Matt Murray without a rebound.
9:21 of 2nd period - Chris Tierney wins face-off versus John Tavares in Stars zone.
9:34 of 2nd period - Snap shot by Thomas Vanek.
9:34 of 2nd period - Stopped by Matt Murray without a rebound.
9:35 of 2nd period - John Tavares wins face-off versus Andrei Loktionov in Stars zone.
9:35 of 2nd period - John Tavares is hit by Sergei Plotnikov.
9:38 of 2nd period - Minor Penalty to Michael Grabner for Hooking.
9:39 of 2nd period - Andrei Loktionov wins face-off versus John Tavares in Stars zone.
9:49 of 2nd period - Snap shot by Michael Frolik.
9:49 of 2nd period - Stopped by Matt Murray without a rebound.
9:50 of 2nd period - John Tavares wins face-off versus Andrei Loktionov in Stars zone.
11:38 of 2nd period - Penalty to Michael Grabner is over, Michael Grabner is back on ice.
12:19 of 2nd period - Paul Ladue is hit by Mathew Dumba.
12:31 of 2nd period - Icing by Shane O'Brien.
12:32 of 2nd period - Evgeny Grachev wins face-off versus Patrice Cormier in Stars zone.
12:37 of 2nd period - Snap shot by Boris Valabik.
12:37 of 2nd period - Shot Misses the Net.
12:39 of 2nd period - Wrist shot by Michael Grabner.
12:39 of 2nd period - Goal by Michael Grabner - Stars : 1 - Golden Knights : 0.
12:40 of 2nd period - Chris Tierney wins face-off versus John Tavares in neutral zone.
12:43 of 2nd period - Backhand shot by Zach Bogosian.
12:43 of 2nd period - Stopped by Matt Murray without a rebound.
12:44 of 2nd period - John Tavares wins face-off versus Chris Tierney in Stars zone.
13:12 of 2nd period - Backhand shot by Jussi Jokinen.
13:12 of 2nd period - Stopped by Matt Hackett with a rebound.
13:14 of 2nd period - Snap shot by Cory Emmerton.
13:14 of 2nd period - Stopped by Matt Hackett without a rebound.
13:15 of 2nd period - Cory Emmerton wins face-off versus Matt Stajan in Golden Knights zone.
13:27 of 2nd period - Michael Frolik is hit by Alex Chiasson and loses puck.
14:12 of 2nd period - Wrist shot by Michael Frolik.
14:12 of 2nd period - Stopped by Matt Murray without a rebound.
14:13 of 2nd period - Chris Tierney wins face-off versus John Tavares in Stars zone.
14:21 of 2nd period - Minor Penalty to Wayne Simmonds for High sticking.
14:22 of 2nd period - Michael Frolik wins face-off versus John Tavares in Golden Knights zone.
14:25 of 2nd period - Minor Penalty to Guillaume Latendresse for Hooking.
14:26 of 2nd period - Michael Frolik wins face-off versus John Tavares in Stars zone.
14:42 of 2nd period - Wrist shot by Ian White.
14:42 of 2nd period - Stopped by Matt Hackett without a rebound.
14:43 of 2nd period - John Tavares wins face-off versus Michael Frolik in Golden Knights zone.
16:05 of 2nd period - Jussi Jokinen is hit by Thomas Vanek and loses puck.
16:10 of 2nd period - Wrist shot by Thomas Vanek.
16:10 of 2nd period - Shot Blocked by Ian White.
16:12 of 2nd period - Snap shot by Vladimir Mihalik.
16:12 of 2nd period - Shot Blocked by Brian Lee.
16:21 of 2nd period - Penalty to Wayne Simmonds is over, Wayne Simmonds is back on ice.
16:25 of 2nd period - Penalty to Guillaume Latendresse is over, Guillaume Latendresse is back on ice.
16:30 of 2nd period - Wrist shot by Wayne Simmonds.
16:30 of 2nd period - Stopped by Matt Murray without a rebound.
16:31 of 2nd period - Cory Emmerton wins face-off versus Andrei Loktionov in Stars zone.
16:42 of 2nd period - Wrist shot by Jussi Jokinen.
16:42 of 2nd period - Deflect By Alex Chiasson.
16:42 of 2nd period - Shot Blocked by Mathew Dumba.
16:42 of 2nd period - Puck is out of play.
16:43 of 2nd period - Cory Emmerton wins face-off versus Chris Tierney in Golden Knights zone.
16:44 of 2nd period - Snap shot by Jussi Jokinen.
16:44 of 2nd period - Stopped by Matt Hackett with a rebound.
16:46 of 2nd period - Slapshot by Shane O'Brien.
16:46 of 2nd period - Shot Misses the Net.
16:48 of 2nd period - Backhand shot by Shane O'Brien.
16:48 of 2nd period - Stopped by Matt Hackett without a rebound.
16:49 of 2nd period - Cory Emmerton wins face-off versus Chris Tierney in Golden Knights zone.
16:50 of 2nd period - Snap shot by Jussi Jokinen.
16:50 of 2nd period - Stopped by Matt Hackett with a rebound.
16:52 of 2nd period - Slapshot by Boris Valabik.
16:52 of 2nd period - Stopped by Matt Hackett without a rebound.
16:53 of 2nd period - Wayne Simmonds wins face-off versus Cory Emmerton in Golden Knights zone.
17:00 of 2nd period - Slapshot by Wayne Simmonds.
17:00 of 2nd period - Shot Misses the Net.
17:13 of 2nd period - Minor Penalty to Thomas Vanek for Holding.
17:14 of 2nd period - John Tavares wins face-off versus Michael Frolik in Golden Knights zone.
17:29 of 2nd period - Wrist shot by Michael Frolik.
17:29 of 2nd period - Shot Misses the Net.
17:52 of 2nd period - Slapshot by Brian Lee.
17:52 of 2nd period - Shot Blocked by Chris Tierney.
18:32 of 2nd period - Shane O'Brien is hit by Ilya Kovalchuk and loses puck.
19:13 of 2nd period - Penalty to Thomas Vanek is over, Thomas Vanek is back on ice.
19:35 of 2nd period - Slapshot by Zach Bogosian.
19:35 of 2nd period - Shot Blocked by Ted Purcell.
19:51 of 2nd period - Slapshot by Zach Bogosian.
19:51 of 2nd period - Shot Blocked by Ian White.
19:53 of 2nd period - Snap shot by Wayne Simmonds.
19:53 of 2nd period - Stopped by Matt Murray with a rebound.
Goals for this period are 1 for Stars vs 0 for Golden Knights.
Shots for this period are 14 for Stars vs 11 for Golden Knights.
3rd period
0:01 of 3rd period - Guillaume Latendresse wins face-off versus Chris Tierney in neutral zone.
0:51 of 3rd period - Snap shot by B.J. Crombeen.
0:51 of 3rd period - Stopped by Matt Hackett without a rebound.
0:52 of 3rd period - Antoine Vermette wins face-off versus Sergei Plotnikov in Golden Knights zone.
1:17 of 3rd period - Sergei Plotnikov is hit by Jussi Jokinen.
1:22 of 3rd period - Minor Penalty to Vladimir Zharkov for Roughing.
1:23 of 3rd period - John Tavares wins face-off versus Michael Frolik in Golden Knights zone.
1:27 of 3rd period - Slapshot by John Tavares.
1:27 of 3rd period - Goal by John Tavares - Stars : 2 - Golden Knights : 0.
1:28 of 3rd period - John Tavares wins face-off versus Chris Tierney in neutral zone.
1:55 of 3rd period - Ian White is hit by Wes O'Neill and loses puck.
2:02 of 3rd period - Wrist shot by Michael Frolik.
2:02 of 3rd period - Shot Misses the Net.
2:37 of 3rd period - Minor Penalty to Zach Bogosian for Roughing.
2:38 of 3rd period - Michael Frolik wins face-off versus John Tavares in Golden Knights zone.
3:10 of 3rd period - Wrist shot by Jussi Jokinen.
3:10 of 3rd period - Deflect By Alex Chiasson.
3:10 of 3rd period - Shot Misses the Net.
3:10 of 3rd period - Puck is out of play.
3:11 of 3rd period - Chris Tierney wins face-off versus John Tavares in Golden Knights zone.
4:10 of 3rd period - Michael Kostka is hit by Brian Lee and loses puck.
4:37 of 3rd period - Penalty to Zach Bogosian is over, Zach Bogosian is back on ice.
4:49 of 3rd period - Zach Bogosian is hit by Ian White and loses puck.
5:42 of 3rd period - Alexander Frolov is hit by Patrice Cormier and loses puck.
5:53 of 3rd period - Wrist shot by Shawn Matthias.
5:53 of 3rd period - Shot Blocked by Shane O'Brien.
7:27 of 3rd period - Snap shot by Matt Stajan.
7:27 of 3rd period - Shot Misses the Net.
7:29 of 3rd period - Wrist shot by Michael Frolik.
7:29 of 3rd period - Shot Misses the Net.
7:31 of 3rd period - Slapshot by Michael Kostka.
7:31 of 3rd period - Stopped by Matt Murray with a rebound.
7:33 of 3rd period - Snap shot by Michael Frolik.
7:33 of 3rd period - Shot Misses the Net.
7:35 of 3rd period - Slapshot by Mathew Dumba.
7:35 of 3rd period - Shot Misses the Net.
8:25 of 3rd period - Minor Penalty to Nathan Horton for Hooking.
8:26 of 3rd period - Michael Frolik wins face-off versus John Tavares in Golden Knights zone.
8:59 of 3rd period - Mathew Dumba is hit by Alex Chiasson.
9:17 of 3rd period - Jared Cowen is hit by Ian White and loses puck.
9:48 of 3rd period - Wrist shot by Chris Tierney.
9:48 of 3rd period - Shot Blocked by Shane O'Brien.
10:04 of 3rd period - Wes O'Neill is hit by Boris Valabik and loses puck.
10:25 of 3rd period - Penalty to Nathan Horton is over, Nathan Horton is back on ice.
11:01 of 3rd period - Wrist shot by Cory Emmerton.
11:01 of 3rd period - Deflect By Zach Bogosian.
11:01 of 3rd period - Shot Misses the Net.
11:01 of 3rd period - Puck is out of play.
11:02 of 3rd period - Cory Emmerton wins face-off versus Ilya Kovalchuk in Golden Knights zone.
11:17 of 3rd period - Wrist shot by Cory Emmerton.
11:17 of 3rd period - Stopped by Matt Hackett with a rebound.
11:23 of 3rd period - Minor Penalty to Matt Stajan for Interference.
11:24 of 3rd period - John Tavares wins face-off versus Michael Frolik in Golden Knights zone.
11:28 of 3rd period - Minor Penalty to Jared Cowen for Holding Stick.
11:29 of 3rd period - John Tavares wins face-off versus Michael Frolik in Golden Knights zone.
12:01 of 3rd period - Minor Penalty to Antoine Vermette for Holding.
12:02 of 3rd period - John Tavares wins face-off versus Michael Frolik in Stars zone.
12:13 of 3rd period - Minor Penalty to Brian Lee for Tripping.
12:14 of 3rd period - Michael Frolik wins face-off versus John Tavares in Stars zone.
12:26 of 3rd period - Slapshot by Michael Frolik.
12:26 of 3rd period - Shot Misses the Net.
12:28 of 3rd period - Wrist shot by Michael Frolik.
12:28 of 3rd period - Shot Misses the Net.
12:30 of 3rd period - Wrist shot by Ilya Kovalchuk.
12:30 of 3rd period - Goal by Ilya Kovalchuk - Stars : 2 - Golden Knights : 1.
12:31 of 3rd period - John Tavares wins face-off versus Michael Frolik in neutral zone.
12:42 of 3rd period - Wrist shot by Guillaume Latendresse.
12:42 of 3rd period - Stopped by Matt Hackett with a rebound.
12:48 of 3rd period - Snap shot by Ilya Kovalchuk.
12:48 of 3rd period - Shot Misses the Net.
13:21 of 3rd period - Backhand shot by Zach Bogosian.
13:21 of 3rd period - Stopped by Matt Murray without a rebound.
13:22 of 3rd period - Michael Frolik wins face-off versus John Tavares in Stars zone.
13:23 of 3rd period - Penalty to Matt Stajan is over, Matt Stajan is back on ice.
13:27 of 3rd period - Snap shot by Michael Frolik.
13:27 of 3rd period - Shot Misses the Net.
13:37 of 3rd period - Wrist shot by Michael Frolik.
13:37 of 3rd period - Shot Blocked by Ian White.
13:39 of 3rd period - Snap shot by Michael Frolik.
13:39 of 3rd period - Goal by Michael Frolik - Stars : 2 - Golden Knights : 2.
13:40 of 3rd period - John Tavares wins face-off versus Andrei Loktionov in neutral zone.
14:13 of 3rd period - Penalty to Brian Lee is over, Brian Lee is back on ice.
14:33 of 3rd period - Cory Emmerton is hit by Andrei Loktionov and loses puck.
15:13 of 3rd period - Snap shot by Chris Tierney.
15:13 of 3rd period - Stopped by Matt Murray with a rebound.
15:25 of 3rd period - Paul Ladue is hit by Matt Stajan and loses puck.
15:48 of 3rd period - Vladimir Mihalik is hit by Cam Atkinson.
17:01 of 3rd period - Slapshot by Jared Cowen.
17:01 of 3rd period - Shot Blocked by Brian Lee.
17:03 of 3rd period - Slapshot by Wes O'Neill.
17:03 of 3rd period - Stopped by Matt Murray without a rebound.
17:04 of 3rd period - John Tavares wins face-off versus Chris Tierney in Stars zone.
17:26 of 3rd period - Jared Cowen is hit by Brian Lee and loses puck.
17:35 of 3rd period - Snap shot by Vladimir Zharkov.
17:35 of 3rd period - Shot Misses the Net.
19:39 of 3rd period - Snap shot by Chris Tierney.
19:39 of 3rd period - Stopped by Matt Murray with a rebound.
Goals for this period are 1 for Stars vs 2 for Golden Knights.
Shots for this period are 4 for Stars vs 7 for Golden Knights.
Overtime #1
0:01 of 1st overtime period - Matt Stajan wins face-off versus John Tavares in neutral zone.
0:11 of 1st overtime period - Brian Lee is hit by Matt Stajan.
0:40 of 1st overtime period - Slapshot by Ian White.
0:40 of 1st overtime period - Stopped by Matt Hackett with a rebound.
1:03 of 1st overtime period - Thomas Vanek is hit by Tyson Barrie and loses puck.
2:00 of 1st overtime period - Mathew Dumba is hit by Paul Ladue and loses puck.
2:44 of 1st overtime period - Vladimir Mihalik is hit by Brian Lee.
3:17 of 1st overtime period - Shane O'Brien is hit by Sergei Plotnikov.
3:45 of 1st overtime period - Backhand shot by B.J. Crombeen.
3:45 of 1st overtime period - Stopped by Matt Hackett with a rebound.
3:47 of 1st overtime period - Slapshot by Brian Lee.
3:47 of 1st overtime period - Shot Misses the Net.
3:49 of 1st overtime period - Wrist shot by Alexander Frolov.
3:49 of 1st overtime period - Shot Blocked by Jared Cowen.
3:57 of 1st overtime period - Sergei Plotnikov is hit by B.J. Crombeen and loses puck.
4:04 of 1st overtime period - Slapshot by Antoine Vermette.
4:04 of 1st overtime period - Stopped by Matt Hackett without a rebound.
4:05 of 1st overtime period - John Tavares wins face-off versus Matt Stajan in Golden Knights zone.
4:21 of 1st overtime period - Minor Penalty to Matt Stajan for Tripping.
4:22 of 1st overtime period - John Tavares wins face-off versus Michael Frolik in Golden Knights zone.
4:26 of 1st overtime period - Snap shot by Guillaume Latendresse.
4:26 of 1st overtime period - Goal by Guillaume Latendresse - Stars : 3 - Golden Knights : 2.
Goals for this period are 1 for Stars vs 0 for Golden Knights.
Shots for this period are 4 for Stars vs 0 for Golden Knights.
Output by the SimonT Hockey Simulator (STHS) for Francois Prevost